 Dungeon Crawl Stone Soup version 0.16.0-17-g811c1d7 (webtiles) character file.

73 Sorcv the Sneak (level 4, 0/24 HPs)
             Began as a Kobold Enchanter on Mar 21, 2015.
             Was an Initiate of Dithmenos.
             Succumbed to an adder's poison
             ... on level 3 of the Dungeon.
             The game lasted 00:04:26 (1138 turns).

Sorcv the Sneak (Kobold Enchanter)                  Turns: 1138, Time: 00:04:26

Health: 0/24       AC:  4    Str:  6    XL:     4   Next: 51%
Magic:  2/7        EV: 21    Int: 13    God:    Dithmenos [......]
Gold:   128        SH:  0    Dex: 22    Spells: 3 memorised, 1 level left

rFire  + . .     SeeInvis +     a - +1 dagger
rCold  . . .     Clarity  .     b - +1 robe
rNeg   . . .     SustAb   .     (no shield)
rPois  .         Gourm    .     (helmet restricted)
rElec  .         Spirit   .     (no cloak)
rCorr  .         Warding  .     h - +0 pair of gloves
rMut   .         Stasis   .     (no boots)
MR     +....                    (no amulet)
Stlth  +++++.....               (no ring)
                                n - ring of protection from fire

@: agile, lethally poisoned (0 -> -6), very slightly contaminated, somewhat
resistant to hostile enchantments, quite stealthy
A: antennae 1, see invisible, carnivore 3, magic resistance 1
a: Renounce Religion


You were on level 3 of the Dungeon.
You worshipped Dithmenos.
Dithmenos was noncommittal.
You were not hungry.

You visited 1 branch of the dungeon, and saw 3 of its levels.

You collected 128 gold pieces.

Inventory:

Hand weapons
 a - a +1 dagger (weapon)
Armour
 b - a +1 robe (worn)
 h - a +0 pair of gloves (worn)
Jewellery
 n - a ring of protection from fire (left hand)
Scrolls
 f - a scroll of blinking {unknown}
 g - 2 scrolls of identify {unknown}
 p - a scroll of random uselessness {unknown}
Potions
 i - a potion of magic {unknown}
 k - a potion of curing {unknown}
 m - a potion of flight {unknown}
 o - a potion of poison {unknown}
Books
 c - a book of Maledictions

   Spells                             Type                      Level
   a - Corona                         Hexes                        1
   b - Sure Blade                     Hexes/Charms                 2
   c - Ensorcelled Hibernation        Hexes/Ice                    2
   d - Confuse                        Hexes                        3
   e - Dazzling Spray                 Conjuration/Hexes            3
   f - Enslavement                    Hexes                        4
Comestibles
 d - 2 meat rations
 l - a beef jerky


   Skills:
 - Level 1.3 Short Blades
 - Level 2.4 Dodging
 + Level 7.0 Stealth
 - Level 2.0 Spellcasting
 - Level 3.0 Hexes


You had one spell level left.
You knew the following spells:

 Your Spells              Type           Power        Failure   Level  Hunger
a - Corona                Hex            #......      10%         1    ##.....
b - Ensorcelled Hibernat  Hex/Ice        #.....       21%         2    ###....
c - Confuse               Hex            #.......     21%         3    ####...


Dungeon Overview and Level Annotations

Branches:
Dungeon (3/15)

Altars:
Dithmenos
Elyvilon
Kikubaaqudgha
Okawaru
Qazlal
Trog
The Shining One


Innate Abilities, Weirdness & Mutations

You are small and have problems with some larger weapons.
You are carnivorous and can eat meat at any time.
You have a pair of small antennae on your head.
You have supernaturally acute eyesight.
You are resistant to hostile enchantments.


Message History

You miss the adder.
The adder is almost dead.
* * * LOW HITPOINT WARNING * * *
You feel sick. The adder barely misses you. The hobgoblin misses you.
The adder closely misses you.
You miss the adder.
The adder is almost dead.
The hobgoblin closely misses you. The adder closely misses you.
Drink which item? (? for menu, Esc to quit)
It was a potion of agility.
You feel agile all of a sudden.
* * * LOW HITPOINT WARNING * * *
You feel sick. The adder closely misses you.
The hobgoblin hits you with a club.
* * * LOW HITPOINT WARNING * * *
Drink which item? (? for menu, Esc to quit)
It was a potion of mutation.
You feel extremely strange.
You feel resistant to hostile enchantments.
A pair of antennae grows on your head!
Your vision sharpens.
You die...

..# #...# #...# #.
####...###. ...........
.......... .....K. #.gS# .
#..@# #. .. #...# #.###.#
#...# #...... #...#####
##.....# ##.......# ......#
#.....##.#### #.#.##
##...###.##.## #...<.
#########..#.......#####.##
#............#.##.......)..


You could see an adder, a hobgoblin and a kobold.

Vanquished Creatures
  4 adders
  2 worms (D:2)
  An orc (D:3)
  6 bats
  3 hobgoblins (D:2)
  A quokka (D:3)
  2 giant newts
  5 goblins
  3 kobolds (D:2)
  5 rats
32 creatures vanquished.

Notes
Turn   | Place    | Note
--------------------------------------------------------------
     0 | D:1      | Sorcv, the Kobold Enchanter, began the quest for the Orb.
     0 | D:1      | Reached XP level 1. HP: 10/10 MP: 3/3
   267 | D:2      | Reached skill level 5 in Stealth
   267 | D:2      | Reached XP level 2. HP: 15/15 MP: 4/4
   296 | D:2      | Reached XP level 3. HP: 19/19 MP: 4/6
   371 | D:2      | Found a shadowy altar of Dithmenos.
   380 | D:2      | Became a worshipper of Dithmenos the Shadowed
   493 | D:2      | Found a glowing golden altar of the Shining One.
   523 | D:2      | Reached skill level 6 in Stealth
   530 | D:2      | Learned a level 2 spell: Ensorcelled Hibernation
   534 | D:2      | Learned a level 3 spell: Confuse
   598 | D:2      | Found an iron altar of Okawaru.
   678 | D:2      | Found a white marble altar of Elyvilon.
   764 | D:2      | Reached XP level 4. HP: 22/24 MP: 7/7
   787 | D:2      | Found a bloodstained altar of Trog.
  1004 | D:3      | Found a stormy altar of Qazlal.
  1083 | D:3      | Found an ancient bone altar of Kikubaaqudgha.
  1098 | D:3      | Reached skill level 7 in Stealth
  1137 | D:3      | HP: 1/24 [hobgoblin/club (2)]
  1138 | D:3      | Gained mutation: You are resistant to hostile enchantments. [potion of mutation]
  1138 | D:3      | Gained mutation: You have a pair of small antennae on your head. [potion of mutation]
  1138 | D:3      | Gained mutation: You have supernaturally acute eyesight. [potion of mutation]
  1138 | D:3      | Succumbed to an adder's poison

Action                   |  1- 3 |  4- 6 || total
-------------------------+-------+-------++-------
Melee: Dagger            |    46 |    29 ||    75
 Cast: Corona            |     2 |       ||     2
       Ensorcelled Hiber |       |     2 ||     2
  Use: Potion            |       |     2 ||     2
 Stab: Sleeping          |     7 |     3 ||    10
  Eat: Chunk             |     2 |       ||     2
